Map: Lost and Found LE

Players

Optimus

  • Race: Terran Terran
  • Spawn Location: 1:00

MaNa - Winner!

  • Race: Protoss Protoss
  • Spawn Location: 7:00

Event: WCS Austin 2018

VOD

Have the link to the VOD?

Description

Time

  • Played on: June 1, 2018, 2:41 p.m.
  • Length: 11:18

All games in this series

Show
View Real Time Build Order
Export as new Build Order

Optimus Terran 

Build Orders: Reaper Expand, MMM Bio 

Get SALT Encoding   

  12  0:00  SCV  
  13  0:12  SCV  
  14  0:17  Supply Depot  
  14  0:24  SCV  
  15  0:38  SCV  
  15  0:40  Barracks  
  16  0:45  Refinery  
  16  0:50  SCV  
  17  1:02  SCV  
  18  1:15  SCV  
  19  1:27  Orbital Command  
  19  1:28  Reaper  
  20  1:44  Command Center  
  20  1:50  Supply Depot  
  20  1:53  SCV  
  21  2:00  Marine  
  22  2:04  Factory  
  22  2:09  SCV  
  22  2:13  Refinery  
  23  2:21  SCV  
  23  2:22  Barracks Reactor  
  24  2:33  SCV  
  25  2:45  SCV  
  25  2:57  SCV  
  25  2:58  Starport  
  25  2:59  Widow Mine, Marine x2  
  28  3:06  Orbital Command  
  28  3:09  SCV  
  29  3:16  Marine x2  
  31  3:20  Factory Tech Lab  
  31  3:21  SCV  
  32  3:33  SCV  
  32  3:34  Marine x2  
  32  3:35  SCV  
  32  3:39  Cyclone  
  38  3:43  Medivac  
  38  3:45  SCV  
  40  3:48  SCV  
  40  3:52  Marine  
  40  3:54  Marine  
  43  3:58  SCV  
  43  4:00  SCV  
  43  4:01  Supply Depot  
  45  4:06  Liberator  
  45  4:10  SCV  
  45  4:14  Supply Depot  
  50  4:27  Barracks, Marine  
  50  4:28  Supply Depot  
  50  4:29  Marine  
  53  4:33  Siege Tank  
  55  4:38  SCV x2  
  55  4:41  Supply Depot  
  56  4:45  Marine  
  56  4:47  Marine  
  56  4:50  SCV  
  59  4:55  SCV  
  60  5:02  Barracks, SCV  
  61  5:07  SCV  
  61  5:11  Starport Reactor  
  62  5:14  SCV  
  62  5:16  Starport Tech Lab, Factory Reactor  
  62  5:19  Engineering Bay, Stimpack, Marine, SCV  
  65  5:21  Supply Depot  
  65  5:26  Marine x2  
  65  5:27  SCV  
  68  5:31  Refinery, SCV  
  69  5:39  SCV  
  70  5:43  SCV  
  70  5:45  Bunker  
  70  5:48  Marauder, Marine x2  
  75  5:51  Terran Infantry Weapons Level 1, SCV  
  75  5:55  Supply Depot, SCV  
  75  5:56  Starport Reactor  
  77  6:03  SCV  
  78  6:07  SCV  
  78  6:10  Marine  
  78  6:11  Marine  
  81  6:12  Marauder x2  
  81  6:15  Supply Depot x2, SCV  
  81  6:17  Widow Mine x2  
  81  6:18  Bunker  
  90  6:19  SCV  
  91  6:27  SCV  
  91  6:28  Marine x2  
  91  6:32  SCV  
  92  6:33  Marauder  
  92  6:37  Marauder  
  92  6:39  Medivac x2, SCV  
  101  6:44  SCV  
  99  6:49  Barracks  
  99  6:50  Barracks  
  99  6:52  Widow Mine  
  99  6:53  Widow Mine  
  103  6:54  Marine x2  
  103  6:58  SCV  
  103  7:00  SCV  
  103  7:08  Marauder x2  
  102  7:10  SCV  
  102  7:14  Widow Mine x2  
  104  7:19  Refinery, Supply Depot x2  
  104  7:21  Marine x2  
  106  7:24  Liberator  
  106  7:25  Supply Depot x2  
  106  7:29  Combat Shields  
  106  7:30  Concussive Shells  
  106  7:32  Marauder x2  
  106  7:36  Liberator  
  110  7:38  Barracks Reactor, Barracks Tech Lab  
  113  7:48  Marine x2  
  115  7:53  Supply Depot  
  115  7:54  Marauder, Supply Depot  
  115  7:56  Marauder  
  124  7:58  Marauder  
  124  8:03  Widow Mine x2  
  128  8:10  Marine x2  
  128  8:12  Liberator  
  130  8:16  Marauder  
  130  8:18  Marauder  
  136  8:20  Marauder, Marine x2  
  138  8:29  Marine x2  
  143  8:35  SCV x2  
  143  8:37  Marauder  
  143  8:39  Marauder  
  149  8:42  Marine  
  149  8:46  Liberator  
  146  8:52  Marauder, Marine x3  
  146  8:55  Widow Mine x2  
  155  8:59  Marauder  
  155  9:00  Marauder  
  155  9:09  Supply Depot x2  
  158  9:12  Marine x2  
  158  9:14  Marauder  
  158  9:16  Liberator  
  155  9:19  Marine x2  
  155  9:20  Marauder  
  155  9:22  Marauder  
  156  9:25  Widow Mine  
  156  9:30  Marine x2  
  156  9:31  Widow Mine  
  159  9:35  Marine  
  163  9:40  Marine x2  
  164  9:46  Medivac  
  164  9:48  Marine x2  
  164  9:50  Marauder  
  169  9:59  Marine x2  
  171  10:01  Marauder  
  173  10:12  Marauder  
  173  10:18  Marauder  
  173  10:23  Marine  
  174  10:30  Marauder  
  174  10:31  Marine  
  174  10:34  Marauder  
  174  10:39  Marauder, Marine x2  
  174  10:40  Widow Mine  
  174  10:41  Widow Mine, Marine  
  174  10:42  Medivac x2  
  171  10:49  Marine  
  172  10:52  Marauder  
  172  10:54  Marine  
Show
View Real Time Build Order
Export as new Build Order

MaNa Protoss - Winner!

Build Orders: Oracle Opening 

Get SALT Encoding   

  12  0:00  Probe  
  13  0:12  Probe  
  14  0:16  Pylon  
  14  0:23  Probe  
  15  0:32  Probe  
  15  0:36  Gateway  
  15  0:40  Probe  
  16  0:45  Assimilator  
  17  0:50  Probe  
  18  0:58  Probe  
  19  1:06  Pylon, Probe  
  20  1:17  Probe  
  20  1:23  Zealot, Cybernetics Core  
  23  1:47  Nexus  
  23  1:50  Stalker  
  23  1:52  Assimilator  
  25  2:03  Probe  
  25  2:08  Warp Gate  
  26  2:15  Probe  
  27  2:16  Pylon  
  27  2:25  Stalker  
  27  2:28  Probe  
  30  2:40  Probe  
  31  2:47  Stargate  
  31  2:52  Probe  
  32  2:59  Stalker  
  32  3:01  Probe  
  32  3:02  Probe  
  34  3:10  Probe x2  
  34  3:19  Probe x2  
  38  3:29  Oracle  
  39  3:36  Gateway x2  
  39  3:37  Probe  
  39  3:39  Probe  
  41  3:49  Probe  
  41  3:51  Probe  
  43  4:01  Probe  
  44  4:03  Probe  
  45  4:11  Nexus  
  45  4:13  Probe  
  45  4:15  Probe  
  47  4:18  Stalker  
  47  4:19  Pylon  
  49  4:25  Probe  
  49  4:28  Probe  
  49  4:29  Twilight Council  
  49  4:30  Forge  
  51  4:38  Stalker, Probe  
  52  4:39  Blink  
  52  4:40  Stalker, Protoss Ground Weapons Level 1, Probe  
  52  4:45  Assimilator  
  57  4:50  Stalker, Probe  
  57  4:52  Probe  
  61  4:56  Pylon  
  61  5:08  Probe  
  61  5:13  Gateway  
  62  5:15  Gateway  
  62  5:19  Sentry  
  62  5:21  Gateway  
  64  5:24  Gateway  
  64  5:25  Probe  
  64  5:27  Probe  
  66  5:29  Probe  
  67  5:38  Probe  
  67  5:39  Probe  
  67  5:41  Probe  
  70  5:43  Stalker  
  70  5:46  Zealot  
  74  5:50  Stalker, Probe  
  74  5:51  Probe  
  78  6:03  Pylon  
  77  6:05  Pylon  
  77  6:18  Robotics Facility  
  77  6:23  Stalker  
  77  6:24  Stalker x3, Pylon  
  85  6:35  Probe  
  85  6:39  Protoss Ground Armor Level 1, Probe  
  86  6:45  Nexus  
  85  6:47  Pylon, Probe  
  85  6:49  Charge  
  85  6:51  Probe  
  86  6:59  Probe  
  83  7:03  Probe  
  83  7:08  Immortal, Robotics Bay  
  84  7:14  Probe  
  89  7:18  Assimilator  
  89  7:21  Zealot x4  
  97  7:27  Pylon  
  97  7:36  Pylon  
  97  7:41  Probe  
  97  7:42  Probe  
  99  7:46  Colossus  
  99  7:48  Zealot x2, Sentry  
  99  7:49  Extended Thermal Lance  
  111  7:58  Zealot  
  111  7:59  Zealot x2  
  111  8:04  Assimilator  
  117  8:10  Probe x2  
  119  8:20  Stalker x2  
  119  8:21  Zealot  
  119  8:24  Stalker, Zealot  
  119  8:25  Probe x2  
  119  8:26  Probe  
  132  8:32  Pylon  
  132  8:33  Pylon  
  132  8:40  Colossus  
  132  8:50  Pylon  
  132  8:51  Stalker  
  134  9:04  Stalker x3  
  140  9:15  Stalker x4  
  140  9:16  Probe  
  149  9:27  Probe  
  144  9:33  Stalker x2  
  144  9:35  Observer  
  148  9:51  Probe  
  149  9:53  Pylon  
  149  10:02  Pylon  
  149  10:03  Pylon  
  149  10:05  Pylon  
  149  10:10  Colossus  
  149  10:11  Probe  
  156  10:21  Zealot x7  
  160  10:24  Probe  
  160  10:36  Nexus  
  160  10:37  Probe x2  
  160  10:38  Probe  
  163  10:47  Stalker x5  
  163  11:08  Zealot x2  
Tags
 
Add a new tag
Caveats
  • Supply blocks, unpowered buildings, or Contaminate may cause inaccurate times.
  • Supply counts are checked every 10 seconds.